 Dungeon Crawl Stone Soup version 0.28-a0-589-g333b8329f1 (webtiles) character file.

Game seed: 3720908875415358728

32 iamoutofideas the Chopper (level 3, 0/45 HPs)
             Began as a Hill Orc Gladiator on Oct 4, 2021.
             Slain by an orc (2 damage)
             ... on level 2 of the Dungeon.
             The game lasted 00:01:12 (881 turns).

iamoutofideas the Chopper (Hill Orc Gladiator)       Turns: 881, Time: 00:01:13

Health: 0/45       AC:  4    Str: 17    XL:     3   Next: 27%
Magic:  3/3        EV: 12    Int:  8    God:
Gold:   23         SH:  0    Dex: 12    Spells: 2/2 levels left

rFire   . . .      SeeInvis .   a - +0 war axe
rCold   . . .      Faith    .   (no shield)
rNeg    . . .      Spirit   .   b - +0 leather armour
rPois   .          Reflect  .   c - +0 helmet
rElec   .          Harm     .   (no cloak)
rCorr   .          Rampage  .   (no gloves)
Will    .....                   (no boots)
Stlth   ..........              (no amulet)
HPRegen 0.15/turn               (no ring)
MPRegen 0.08/turn               (no ring)

@: berserking, very quick
A: no striking features
a: Convert to Beogh


You were on level 2 of the Dungeon.
You visited 1 branch of the dungeon, and saw 2 of its levels.

You collected 23 gold pieces.

Inventory:

Hand Weapons
 a - a +0 war axe (weapon)
Missiles
 d - 3 throwing nets (quivered)
Armour
 b - a +0 leather armour (worn)
 c - a +0 helmet (worn)
 e - a +0 chain mail
 f - a +0 ring mail
Scrolls
 g - a scroll of fog {unknown}
Potions
 i - a potion of mutation {unknown}


   Skills:
 + Level 2.8 Fighting
 * Level 4.9 Axes
 - Level 1.8 Throwing
 - Level 0.4 Armour
 - Level 2.7 Dodging


You had 2 spell levels left.
You didn't know any spells.
Your spell library contained the following spells:

 Spells                   Type           Power      Damage    Failure   Level
 Shock                    Conj/Air       0%         1d3       45%         1
 Swiftness                Air            0%         N/A       83%         3
 Airstrike                Air            0%         N/A       99%         4


Dungeon Overview and Level Annotations

Branches:
Dungeon (2/15)

Altars:


Message History

The orc barely misses you.
The orc priest calls upon Beogh to heal the orc priest.
The orc priest is healed somewhat.
The orc priest hits you with a +0 mace.
* * * LOW HITPOINT WARNING * * *
The orc hits you with a +0 club.
* * * LOW HITPOINT WARNING * * *
The orc completely misses you.
Unknown command.
Unknown command.
It was a potion of berserk rage.
A red film seems to cover your vision as you go berserk!
You feel yourself moving faster!
You feel mighty!
The orc priest miscasts a cantrip.
The orc priest hits you with a +0 mace.
* * * LOW HITPOINT WARNING * * *
The orc hits you with a +0 club.
* * * LOW HITPOINT WARNING * * *
The orc hits you from afar with a +0 trident.
* * * LOW HITPOINT WARNING * * *
You hit the orc priest.
The orc priest is heavily wounded.
You barely miss the orc. The orc priest barely misses you.
The orc closely misses you.
The orc priest shouts, "Join the one true god or die!"
You hit the orc priest.
The orc priest is severely wounded.
You hit the orc priest.
The orc priest shouts, "Join the one true god or die!"
You slash the orc!
You kill the orc!
The orc priest shouts, "Join the one true god or die!"
The orc closely misses you. The orc priest misses you.
The orc priest hits you with a +0 mace.
* * * LOW HITPOINT WARNING * * *
The orc priest threatens, "By the altar or by the axe, you will meet Beogh!"
You hit the orc priest.
You kill the orc priest!
You hit the orc priest.
The orc hits you from afar with a +0 trident.
You die...

#.........<#
#..........
##........####
#............##
#..<...........
#...........#
#.....)....##
#.....†<....#
#.)@......#.#
#.o).....##
#[.o##.####
...... #.#
......# #.#
....## #(# ....
... ... #.#


You could see an orc priest and an orc.

Vanquished Creatures
  An orc priest (D:2)
  A dart slug (D:1)
  An orc (D:2)
  4 ball pythons
  2 bats (D:1)
  An endoplasm (D:1)
  2 giant cockroaches
  2 goblins
  3 hobgoblins (D:1)
  A frilled lizard (D:1)
  6 kobolds
  4 rats (D:1)
28 creatures vanquished.

Notes
Turn   | Place    | Note
-------+----------+-------------------------------------------
     0 | D:1      | iamoutofideas the Hill Orc Gladiator began the quest for
                  | the Orb.
     0 | D:1      | Reached XP level 1. HP: 18/18 MP: 1/1
   138 | D:1      | Reached XP level 2. HP: 25/25 MP: 2/2
   697 | D:1      | Reached XP level 3. HP: 30/30 MP: 3/3
   880 | D:2      | HP: 1/45 [orc priest (4)]
   881 | D:2      | Slain by an orc

Illustrated notes

Levels and vault maps discovered:
D:1:      minmay_arrival_five_plusses, layout_basic, kennysheep_another_room
D:2:      layout_rooms, hellmonk_ecumenical_altar_blasted,
          kennysheep_generic_room_8

Action                   || total
-------------------------++-------
Melee: War axe           ||    66
  Use: Potion            ||     1
Armor: Leather armour    ||    29
Dodge: Dodged            ||    46

Table legend: (Time is in decaauts)
 A = Elapsed time spent in this place.
 B = Non-inter-level travel time spent in this place.
 C = Inter-level travel time spent in this place.
 D = Time resting spent in this place.
 E = Time spent auto-exploring this place.
 F = Levels seen in this place.
 G = Mean time per level.
                   A        B        C        D        E       F      G
               +--------+--------+--------+--------+--------+-----+--------+
         Total |    898 |    867 |     31 |      0 |    688 |   2 |  449.0 |
       Dungeon |    898 |    867 |     31 |      0 |    688 |   2 |  449.0 |
               +--------+--------+--------+--------+--------+-----+--------+

Top non-repeatable levels by time:
     D:1: 877 daAuts
     D:2: 20 daAuts
